 Dungeon Crawl Stone Soup version 0.26-a0-1129-gc5df7fbe6a (webtiles) character file.

Game seed: 10562349525848338937

6094 stormannn the Martial Artist (level 10, -4/76 HPs)
             Began as a Gnoll Transmuter on Dec 18, 2020.
             Was a Priest of Sif Muna.
             Slain by a two-headed ogre
             ... wielding a +0 giant club
              (24 damage)
             ... on level 10 of the Dungeon.
             The game lasted 00:26:05 (11714 turns).

stormannn the Martial Artist (Gnoll Transmuter)    Turns: 11714, Time: 00:26:06

Health: -4/76      AC:  2    Str: 15    XL:     10   Next: 88%
Magic:  18/21      EV: 28    Int: 15    God:    Sif Muna [***...]
Gold:   606        SH:  0    Dex: 22    Spells: 13/24 levels left

rFire    . . .     SeeInvis +     - Unarmed
rCold    . . .     Faith    .   (shield currently unavailable)
rNeg     . . .     Spirit   .   (armour currently unavailable)
rPois    x         Reflect  .   (helmet currently unavailable)
rElec    .         Harm     .   (cloak currently unavailable)
rCorr    .         Rampage  .   (gloves currently unavailable)
Will     +....                  (boots currently unavailable)
Stlth    ++++......             w - amulet of regeneration
HPRegen  0.62/turn              s - ring of willpower
MPRegen  0.17/turn              D - ring of see invisible

@: spider-form, wereblooded
A: tiny, distributed training, strong nose
a: End Transformation, Renounce Religion, Channel Magic, Forget Spell


You were on level 10 of the Dungeon.
You worshipped Sif Muna.
Sif Muna was most pleased with you.
You were a venomous arachnid creature.
You visited 2 branches of the dungeon, and saw 11 of its levels.
You also visited: Sewer.

You collected 606 gold pieces.

Inventory:

Hand Weapons
 C - a +0 spectral quarterstaff
 F - a +3 quarterstaff of chaos
 L - a +3 dagger of speed (melded)
Armour
 d - a +0 helmet (melded)
 n - a +3 leather armour (melded)
 E - a +0 pair of gloves (melded)
 G - a +1 cloak (melded)
Jewellery
 b - a +6 ring of intelligence
 h - an uncursed ring of ice
 s - a ring of willpower (left front leg)
 w - an amulet of regeneration (around neck)
 D - a ring of see invisible (right front leg)
Wands
 y - a wand of flame (39)
 A - a wand of paralysis (11)
 B - a wand of acid (17)
 I - a wand of iceblast (10)
 K - a wand of enslavement (10)
Scrolls
 c - a scroll of blinking {unknown}
 e - a scroll of noise {unknown}
 f - 5 scrolls of remove curse
 i - 11 scrolls of identify
 j - 2 scrolls of amnesia {unknown}
 k - a scroll of random uselessness {unknown}
 l - 7 scrolls of teleportation {unknown}
 m - 4 scrolls of magic mapping {unknown}
 q - 5 scrolls of enchant weapon {unknown}
 u - 3 scrolls of fog {unknown}
 v - 3 scrolls of fear
 x - 3 scrolls of enchant armour {unknown}
 H - a scroll of immolation {unknown}
Potions
 a - 2 potions of ambrosia {unknown}
 g - 8 potions of curing
 o - 6 potions of heal wounds {unknown}
 p - 2 potions of lignification
 r - 5 potions of flight {unknown}
 t - 2 potions of haste
 z - 4 potions of degeneration {unknown}


   Skills:
 + Level 6.3 Fighting
 + Level 5.7 Short Blades
 + Level 5.7 Long Blades
 + Level 5.7 Axes
 + Level 5.7 Maces & Flails
 + Level 5.7 Polearms
 + Level 5.7 Staves
 + Level 5.7 Slings
 + Level 5.7 Bows
 + Level 5.7 Crossbows
 + Level 5.7 Throwing
 + Level 5.7 Armour
 + Level 7.4 Dodging
 + Level 5.7 Stealth
 + Level 5.7 Shields
 + Level 8.8 Unarmed Combat
 + Level 7.6 Spellcasting
 + Level 4.7 Conjurations
 + Level 4.7 Hexes
 + Level 4.7 Summonings
 + Level 4.7 Necromancy
 + Level 4.7 Translocations
 + Level 6.1 Transmutations
 + Level 4.7 Fire Magic
 + Level 4.7 Ice Magic
 + Level 4.7 Air Magic
 + Level 4.7 Earth Magic
 + Level 4.7 Poison Magic
 + Level 6.2 Invocations
 + Level 5.7 Evocations


You had 13 spell levels left.
You knew the following spells:

 Your Spells              Type           Power        Failure   Level
a - Beastly Appendage     Tmut           48%          5%          1
b - Wereblood             Tmut           24%          7%          2
c - Spider Form           Tmut/Pois      11%          13%         3
d - Call Imp              Summ           19%          10%         2
e - Mephitic Cloud        Conj/Pois/Air  19%          16%         3

Your spell library contained the following spells:

 Spells                   Type           Power        Failure   Level
 Animate Skeleton         Necr           38%          8%          1
 Apportation              Tloc           38%          8%          1
 Corona                   Hex            21%          8%          1
 Magic Dart               Conj           76%          8%          1
 Summon Small Mammal      Summ           76%          8%          1
 Blink                    Tloc           N/A          10%         2
 Slow                     Hex            19%          10%         2
 Conjure Flame            Conj/Fire      19%          16%         3
 Ice Form                 Ice/Tmut       22%          30%         4
 Blade Hands              Tmut           12%          50%         5


Dungeon Overview and Level Annotations

Branches:
Dungeon (10/15)            Temple (1/1) D:5            Lair (0/6) D:9
  Sewer (visited)
    Orc: D:9-12

Altars:
Ashenzari
Cheibriados
Dithmenos
Elyvilon
Fedhas
Gozag
Hepliaklqana
Kikubaaqudgha
Makhleb
Nemelex Xobeh
Okawaru
Qazlal
Ru
Sif Muna
Trog
Uskayaw
Vehumet
Wu Jian
Xom
Yredelemnul
Zin
The Shining One

Shops:
D:8 }

Annotations:
D:7 2 runed translucent doors


Innate Abilities, Weirdness & Mutations

Your experience applies equally to all skills.
((You have very sharp teeth.))
Your uncanny sense of smell can sniff out nearby items.


Message History

The vampire is heavily damaged.
The vampire barely misses you. The vampire completely misses you.
You bite the vampire!
The vampire is almost destroyed.
The two-headed ogre completely misses you. x2
The vampire barely misses you. The vampire completely misses you.
You barely miss the vampire.
The vampire is almost destroyed.
You hiss as the wereblood boils in your veins!
The vampire is infused with unholy energy.
* * * LOW HITPOINT WARNING * * *
The vampire draws life force from you and is healed!
The two-headed ogre barely misses you. x2
You hit the vampire but do no damage.
The vampire is heavily damaged.
The vampire misses you. The vampire completely misses you.
You hit the vampire.
The vampire is heavily damaged.
The two-headed ogre hits you with a +0 giant club!!
You die...

.......#..<...............###...
.......#..................# ...
#................>.#....##
.....#........5....
........(.......... .
.....#..........#.. ...
............#...# #...
...........##.>O## .....
.......###......s##.... .......
#..####V#..# ##.... #..# ##...#
. #... #..###..#.##..
##.##..###.... ..#(..#...$## ∆
.##.........# . #...........
#...........


You could see a two-headed ogre (extremely poisoned), a vampire (invisible) and
a friendly crimson imp (summoned).

Vanquished Creatures
  Joseph (D:7)
  3 yaks
  A steam dragon (D:7)
  Grum (D:8)
  2 wargs (D:9)
  2 orc warriors
  4 sky beasts
  An ice beast (D:8)
  A hornet zombie (D:8)
  3 phantoms
  3 wolves (D:8)
  An ogre (D:7)
  3 centaurs
  A big kobold (Sewer)
  5 bullfrogs
  A wyvern zombie (D:9)
  3 scorpions
  14 killer bees
  5 wights (D:9)
  A howler monkey (D:5)
  4 electric eels (D:8)
  A jelly (D:5)
  A quasit (D:8)
  Crazy Yiuf (D:6)
  5 orc priests
  A bullfrog skeleton (D:6)
  3 hounds
  8 orc wizards
  Jessica (D:3)
  A centaur skeleton (D:4)
  3 iguanas
  Natasha (thrice) (D:3)
  8 worker ants
  A killer bee zombie (D:9)
  2 hound skeletons
  A howler monkey zombie (D:6)
  Robin (D:3)
  19 gnolls
  15 adders
  A river rat (Sewer)
  4 shadow imps
  5 white imps
  3 ufetubi
  6 oozes
  An adder zombie (D:6)
  2 adder skeletons
  6 worms
  3 dart slugs
  3 leopard geckos (D:4)
  37 orcs
  A ball python (Sewer)
  14 giant cockroaches
  11 goblins
  10 hobgoblins
  14 jackals
  2 quokkas
  3 bats
  4 frilled lizards
  12 kobolds
  A leopard gecko skeleton (D:4)
  7 rats
285 creatures vanquished.

Vanquished Creatures (collateral kills)
  An orc (D:8)
1 creature vanquished.

Vanquished Creatures (others)
  A fungus (D:6)
  47 plants (D:8)
48 creatures vanquished.

Grand Total: 334 creatures vanquished

Notes
Turn   | Place    | Note
-------+----------+-------------------------------------------
     0 | D:1      | stormannn the Gnoll Transmuter began the quest for the Orb.
     0 | D:1      | Reached XP level 1. HP: 17/17 MP: 6/6
   148 | D:1      | Reached XP level 2. HP: 22/23 MP: 5/7
   500 | D:1      | Reached XP level 3. HP: 27/28 MP: 7/9
   671 | D:1      | Reached skill level 5 in Spellcasting
  1003 | D:2      | Reached skill level 1 in Invocations
  1006 | D:2      | Learned a level 2 spell: Wereblood
  1212 | D:2      | Reached skill level 1 in Short Blades
  1212 | D:2      | Reached skill level 1 in Long Blades
  1212 | D:2      | Reached skill level 1 in Axes
  1212 | D:2      | Reached skill level 1 in Maces & Flails
  1212 | D:2      | Reached skill level 1 in Polearms
  1212 | D:2      | Reached skill level 1 in Staves
  1212 | D:2      | Reached skill level 1 in Slings
  1212 | D:2      | Reached skill level 1 in Bows
  1212 | D:2      | Reached skill level 1 in Crossbows
  1212 | D:2      | Reached skill level 1 in Throwing
  1212 | D:2      | Reached skill level 1 in Armour
  1212 | D:2      | Reached skill level 1 in Stealth
  1212 | D:2      | Reached skill level 1 in Shields
  1212 | D:2      | Reached skill level 1 in Evocations
  1265 | D:2      | Found a stormy altar of Qazlal.
  1298 | D:2      | Reached XP level 4. HP: 23/34 MP: 11/11
  1662 | D:2      | Found a snail-covered altar of Cheibriados.
  1712 | D:3      | Reached skill level 1 in Conjurations
  1712 | D:3      | Reached skill level 1 in Hexes
  1712 | D:3      | Reached skill level 1 in Summonings
  1712 | D:3      | Reached skill level 1 in Necromancy
  1712 | D:3      | Reached skill level 1 in Translocations
  1712 | D:3      | Reached skill level 1 in Fire Magic
  1712 | D:3      | Reached skill level 1 in Ice Magic
  1712 | D:3      | Reached skill level 1 in Air Magic
  1712 | D:3      | Reached skill level 1 in Earth Magic
  1712 | D:3      | Reached skill level 1 in Poison Magic
  1733 | D:3      | Noticed Natasha
  1738 | D:3      | Killed Natasha
  1739 | D:3      | Reached XP level 5. HP: 38/40 MP: 10/12
  1791 | D:3      | Noticed Natasha
  1819 | D:3      | Killed Natasha
  2019 | D:3      | Noticed Robin
  2036 | D:3      | Killed Robin
  2153 | D:3      | Noticed Natasha
  2160 | D:3      | Killed Natasha
  2222 | D:3      | Reached XP level 6. HP: 20/47 MP: 13/13
  2577 | D:3      | Noticed Jessica
  2580 | D:3      | Killed Jessica
  2606 | D:3      | Reached skill level 5 in Dodging
  3491 | D:4      | Found a sparkling altar of Nemelex Xobeh.
  3491 | D:4      | Found a broken altar of Ashenzari.
  3630 | D:4      | Reached XP level 7. HP: 18/52 MP: 12/15
  3638 | D:4      | Reached skill level 7 in Unarmed Combat
  3860 | D:4      | Found a glowing drain.
  3881 | Sewer    | Entered a sewer
  5578 | D:4      | Learned a level 3 spell: Spider Form
  5581 | D:4      | Learned a level 2 spell: Call Imp
  5625 | D:5      | Entered Level 5 of the Dungeon
  5637 | D:5      | Reached XP level 8. HP: 41/60 MP: 13/16
  5832 | D:5      | Found a staircase to the Ecumenical Temple.
  5850 | Temple   | Entered the Ecumenical Temple
  6075 | Temple   | Became a worshipper of Sif Muna the Loreminder
  6627 | D:6      | Found a snail-covered altar of Cheibriados.
  6967 | D:6      | Reached * piety under Sif Muna
  7467 | D:5      | Learned a level 3 spell: Mephitic Cloud
  7563 | D:6      | Found a runed translucent door.
  7564 | D:6      | Noticed Crazy Yiuf
  7573 | D:6      | Killed Crazy Yiuf
  7664 | D:7      | Reached skill level 5 in Transmutations
  7664 | D:7      | Reached XP level 9. HP: 66/66 MP: 13/18
  7734 | D:7      | Found a runed translucent door.
  7743 | D:7      | Found a runed translucent door.
  8009 | D:7      | Reached skill level 5 in Fighting
  8075 | D:7      | Found a hazy altar of Hepliaklqana.
  8310 | D:7      | Noticed Joseph
  8311 | D:7      | Found a broken altar of Ashenzari.
  8324 | D:7      | Killed Joseph
  8325 | D:7      | Reached skill level 8 in Unarmed Combat
  8401 | D:7      | Found a glowing silver altar of Zin.
  8657 | D:8      | Reached skill level 5 in Invocations
  8661 | D:8      | Reached ** piety under Sif Muna
  8960 | D:8      | Found Opim Voe's Gadget Emporium.
  9238 | D:8      | Reached XP level 10. HP: 69/74 MP: 20/20
  9320 | D:8      | Noticed Grum
  9325 | D:8      | Reached skill level 5 in Short Blades
  9325 | D:8      | Reached skill level 5 in Long Blades
  9325 | D:8      | Reached skill level 5 in Axes
  9325 | D:8      | Reached skill level 5 in Maces & Flails
  9325 | D:8      | Reached skill level 5 in Polearms
  9325 | D:8      | Reached skill level 5 in Staves
  9325 | D:8      | Reached skill level 5 in Slings
  9325 | D:8      | Reached skill level 5 in Bows
  9325 | D:8      | Reached skill level 5 in Crossbows
  9325 | D:8      | Reached skill level 5 in Throwing
  9325 | D:8      | Reached skill level 5 in Armour
  9325 | D:8      | Reached skill level 5 in Stealth
  9325 | D:8      | Reached skill level 5 in Shields
  9325 | D:8      | Reached skill level 5 in Evocations
  9332 | D:8      | Killed Grum
  9418 | D:8      | Found a white marble altar of Elyvilon.
 10038 | D:9      | Found a staircase to the Lair.
 10071 | D:9      | Reached *** piety under Sif Muna
 10140 | D:9      | Found a radiant altar of Vehumet.
 11388 | D:10     | Entered Level 10 of the Dungeon
 11696 | D:10     | Noticed a two-headed ogre
 11714 | D:10     | Slain by a two-headed ogre

Illustrated notes

Levels and vault maps discovered:
D:1:      evilmike_arrival_rings, layout_basic, corexii_item_surrounded_by_moat
D:2:      layout_basic, nicolae_qazlal_general_emergency, general_overflow_altar
D:3:      layout_loops_ring, uniq_natasha, uniq_robin, uniq_jessica
D:4:      kennysheep_spiral_hall, layout_cave_pods,
          chequers_temple_overflow_statue_of_worship, portal_sewer_entry_f
D:5:      layout_rooms, minmay_temple_entry_slanted
D:6:      layout_loops_corners, kennysheep_flooded_box, uniq_crazy_yiuf_cottage
D:7:      lemuel_insect_pit, layout_gridville, zin_statuary,
          nicolae_overflow_crystal_walls, evilmike_ruin_ashenzari, uniq_joseph
D:8:      layout_loops_cross, elyvilon_altar_3, serial_bayou,
          serial_bayou_pond_a, serial_bayou_lake_a, serial_bayou_lagoon_a,
          serial_bayou_pond_e, serial_shops, nicolae_shop_trees, uniq_grum
D:9:      layout_loops_ring, vehumet_altar_wand_db, erik_lair_orcish_takeover
D:10:     layout_cave_pools, orc_0_dummy, uniq_fannar
Temple:   eino_narrow_crystal_temple

Skill      XL: |  1  2  3  4  5  6  7  8  9 10 |
---------------+-------------------------------+-----
Spellcasting   | 5 6 7 |  7.6
Invocations    | 1 2 3 4 5 6 |  6.2
Short Blades   | 1 2 3 4 5 |  5.7
Long Blades    | 1 2 3 4 5 |  5.7
Axes           | 1 2 3 4 5 |  5.7
Maces & Flails | 1 2 3 4 5 |  5.7
Polearms       | 1 2 3 4 5 |  5.7
Staves         | 1 2 3 4 5 |  5.7
Slings         | 1 2 3 4 5 |  5.7
Bows           | 1 2 3 4 5 |  5.7
Crossbows      | 1 2 3 4 5 |  5.7
Throwing       | 1 2 3 4 5 |  5.7
Armour         | 1 2 3 4 5 |  5.7
Stealth        | 1 2 3 4 5 |  5.7
Shields        | 1 2 3 4 5 |  5.7
Evocations     | 1 2 3 4 5 |  5.7
Conjurations   | 1 2 3 4 |  4.7
Hexes          | 1 2 3 4 |  4.7
Summonings     | 1 2 3 4 |  4.7
Necromancy     | 1 2 3 4 |  4.7
Translocations | 1 2 3 4 |  4.7
Fire Magic     | 1 2 3 4 |  4.7
Ice Magic      | 1 2 3 4 |  4.7
Air Magic      | 1 2 3 4 |  4.7
Earth Magic    | 1 2 3 4 |  4.7
Poison Magic   | 1 2 3 4 |  4.7
Fighting       | 3 4 5 6 |  6.3
Transmutations | 4 5 6 |  6.1
Dodging        | 5 6 7 |  7.4
Unarmed Combat | 7 8 |  8.8

Action                   |  1- 3 |  4- 6 |  7- 9 | 10-12 || total
-------------------------+-------+-------+-------+-------++-------
Melee: Unarmed           |    72 |   168 |   193 |   128 ||   561
       Headbutt          |    12 |    23 |    68 |    18 ||   121
       Kick              |     7 |    49 |    91 |    33 ||   180
       Bite              |     6 |    10 |    41 |    11 ||    68
       Punch             |       |     6 |     4 |     2 ||    12
       Quarterstaff      |       |       |   217 |    99 ||   316
       Dagger            |       |       |       |    41 ||    41
 Cast: Beastly Appendage |    16 |    30 |    57 |    14 ||   117
       Wereblood         |       |     3 |    10 |     2 ||    15
       Spider Form       |       |       |     6 |    10 ||    16
       Call Imp          |       |       |     3 |     1 ||     4
  Use: Scroll            |       |     2 |     5 |       ||     7
       Potion            |       |       |     1 |       ||     1
 Stab: Sleeping          |     1 |     1 |     8 |     2 ||    12
       Distracted        |       |       |     3 |     2 ||     5
Armor: Leather armour    |     9 |    39 |    93 |    30 ||   171
       Skin              |       |       |     6 |     4 ||    10
Dodge: Dodged            |    42 |   115 |   365 |   260 ||   782

Table legend: (Time is in decaauts)
 A = Elapsed time spent in this place.
 B = Non-inter-level travel time spent in this place.
 C = Inter-level travel time spent in this place.
 D = Time resting spent in this place.
 E = Time spent auto-exploring this place.
 F = Levels seen in this place.
 G = Mean time per level.
                   A        B        C        D        E       F      G
               +--------+--------+--------+--------+--------+-----+--------+
         Total |  11758 |  10987 |    771 |   1572 |   7034 |  12 |  979.8 |
       Dungeon |  10802 |  10072 |    730 |   1542 |   6345 |  10 | 1080.2 |
        Temple |    240 |    199 |     41 |      0 |    196 |   1 |  240.0 |
         Sewer |    715 |    715 |      0 |     30 |    492 |   1 |  715.0 |
               +--------+--------+--------+--------+--------+-----+--------+

Top non-repeatable levels by time:
     D:4: 1617 daAuts
     D:3: 1563 daAuts
     D:9: 1406 daAuts
     D:6: 1355 daAuts
     D:8: 1215 daAuts
     D:7: 1154 daAuts
     D:1: 974 daAuts
     D:2: 897 daAuts
   Sewer: 715 daAuts
     D:5: 521 daAuts
  Temple: 240 daAuts
    D:10: 96 daAuts
